 Dungeon Crawl Stone Soup version 0.29.0-15-g675c0067aa (webtiles) character file.

Game seed: 3729202986358105238

1355 qw the Cleaver (level 8, -4/51 HPs)
             Began as a Gargoyle Fighter on Sept 11, 2022.
             Slain by a wight
             ... wielding a +2 dire flail
              (8 damage)
             ... on level 6 of the Dungeon.
             The game lasted 00:02:01 (6278 turns).

qw the Cleaver (Gargoyle Fighter)                   Turns: 6278, Time: 00:02:02

Health: -4/51      AC: 18    Str: 22    XL:     8   Next: 63%
Magic:  8/8        EV:  6    Int:  9    God:
Gold:   355        SH:  4    Dex:  9    Spells: 7/7 levels left

rFire   . . .      SeeInvis .   Y - +0 war axe
rCold   . . .      Faith    .   c - +0 buckler
rNeg    + . .      Spirit   .   a - +0 plate armour
rPois   inf        Reflect  .   f - +0 helmet
rElec   +          Harm     .   (no cloak)
rCorr   .          Rampage  .   (no gloves)
Will    .....                   (no boots)
Stlth   ..........              (no amulet)
HPRegen 0.17/turn               (no ring)
MPRegen 0.11/turn               (no ring)

@: no status effects
A: sickness immunity, AC +5, negative energy resistance 1, electricity
resistance, torment resistance 1, petrification resistance
a: no special abilities


You were on level 6 of the Dungeon.
You visited 2 branches of the dungeon, and saw 7 of its levels.

You collected 355 gold pieces.


Innate Abilities, Weirdness & Mutations

You are immune to sickness and miasma.
Your stone body is resilient. (AC +5)
You are immune to poison.
You resist negative energy. (rN+)
You are resistant to electric shocks. (rElec)
You are resistant to unholy torment.
You are immune to petrification.


   Skills:
 + Level 5.7 Fighting
 - Level 8.1 Axes
 - Level 4.6 Armour
 - Level 1.1 Dodging
 - Level 3.2 Shields


You had 7 spell levels left.
You didn't know any spells.
Your spell library was empty.

Inventory:

Hand Weapons
 j - a +0 flail
 Y - a +0 war axe (weapon)
Armour
 a - a +0 plate armour (worn)
 c - a +0 buckler (worn)
 f - a +0 helmet (worn)
Scrolls
 i - 3 scrolls of identify
Potions
 b - 4 potions of curing
 d - a potion of might
 e - a potion of resistance
 h - 2 potions of lignification
 k - a potion of haste
 n - 3 potions of mutation

Dungeon Overview and Level Annotations

Branches:
Dungeon (6/15)             Temple (1/1) D:4

Altars:
Ashenzari
Cheibriados
Dithmenos
Elyvilon
Gozag
Hepliaklqana
Nemelex Xobeh
Vehumet
Wu Jian
Xom
Zin
The Shining One

Shops:
D:2 (


Message History

A wight comes into view. It is wielding a +2 dire flail.
The wight hits you with a +0 halberd!
You hit the wight but do no damage. The wight hits you with a +0 halberd.
You hit the wight.
The wight is moderately damaged.
You barely miss the wight.
The wight is moderately damaged.
You barely miss the wight. The wight hits you with a +0 halberd.
The wight barely misses you.
You barely miss the wight.
The wight is moderately damaged.
You closely miss the wight. x2
You block the wight's attack. The wight barely misses you.
The wight hits you but does no damage.
You closely miss the wight.
The wight is moderately damaged.
You barely miss the wight. You slash the wight! The wight closely misses you.
The wight hits you but does no damage. The wight hits you with a +0 halberd.
You slash the wight!
You destroy the wight!
You hit the wight but do no damage. You closely miss the wight.
The wight hits you with a +0 halberd. The wight hits you with a +0 battleaxe.
The wight hits you with a +0 battleaxe! The wight hits you but does no damage.
You block the wight's attack.
You closely miss the wight.
The wight is moderately damaged.
You hit the wight. You closely miss the wight.
The wight hits you with a +0 halberd! The wight hits you but does no damage.
The wight closely misses you.
You hit the wight.
The wight is heavily damaged.
You barely miss the wight. You slash the wight!
The wight barely misses you. x2; The wight hits you but does no damage.
You slash the wight!
The wight is almost destroyed.
You closely miss the wight. You hit the wight.
The wight hits you with a +2 dire flail!
You die...

#...........#.........# #.
########...########.#.#####.
###......# ####.#..#....
#...##.### ....#.# .#.##.
##.....# ....#.. .. ##
###.#..# ...... #.. #
#...##.####.....# # #
#...##.##zz...... .
#....?<..@z.....# .
#...#######.....# #...#
....# #...# #### #####


You could see 3 wights.

Vanquished Creatures
  A water moccasin (D:5)
  2 sky beasts (D:6)
  A black bear (D:6)
  An ogre (D:4)
  A phantom (D:5)
  A kobold brigand (D:5)
  A scorpion (D:6)
  A necrophage (D:4)
  5 wights
  A howler monkey (D:5)
  A jelly (D:5)
  4 iguanas
  6 gnolls (D:4)
  5 adders
  An ufetubus (D:5)
  2 worms (D:5)
  A dart slug (D:1)
  3 orcs (D:4)
  10 endoplasms
  2 giant cockroaches (D:2)
  8 goblins
  7 hobgoblins
  11 kobolds
  10 quokkas
  10 ball pythons
  7 bats
  2 frilled lizards (D:2)
  4 rats
109 creatures vanquished.

Vanquished Creatures (others)
  62 plants (D:4)
62 creatures vanquished.

Grand Total: 171 creatures vanquished

Notes
Turn   | Place    | Note
-------+----------+-------------------------------------------
     0 | D:1      | qw the Gargoyle Fighter began the quest for the Orb.
     0 | D:1      | Reached XP level 1. HP: 14/14 MP: 1/1
     0 | D:1      | 0 ||| qw: Version: 0.1-a-119-g272c26d
     0 | D:1      | 0 ||| qw: Game counter: 10682
     0 | D:1      | 0 ||| qw: Always use a shield: true
     0 | D:1      | 0 ||| qw: God list: Okawaru
     0 | D:1      | 0 ||| qw: Allow faded altars: false
     0 | D:1      | 0 ||| qw: Do Orc after D:15 true
     0 | D:1      | 0 ||| qw: Do second Lair branch before Depths: true
     0 | D:1      | 0 ||| qw: Lair rune preference: random
     0 | D:1      | 0 ||| qw: Plans: Normal, Zot, God:TSO, Crypt, Tomb, Pan,
                  | Slime, Hells, Zig, Abyss, Orb
     0 | D:1      | 0 ||| PLANNING D:1-11
    21 | D:1      | 21 ||| Stepping ~*~*~tactically~*~*~ (stealth).
    22 | D:1      | 22 ||| Stepping ~*~*~tactically~*~*~ (stealth).
    33 | D:1      | Reached skill level 2 in Axes
    64 | D:1      | 64 ||| Stepping ~*~*~tactically~*~*~ (stealth).
   174 | D:1      | 174 ||| Stepping ~*~*~tactically~*~*~ (stealth).
   217 | D:1      | Reached XP level 2. HP: 17/19 MP: 2/2
   283 | D:1      | You fall into a shaft and drop 1 floor!
   363 | D:2      | 363 ||| READING scroll labelled VIBRUOFYKU.
   364 | D:2      | 364 ||| READING scroll labelled GUGRAU NIQASMI.
   552 | D:1      | Reached skill level 3 in Axes
   573 | D:1      | Reached XP level 3. HP: 18/23 MP: 3/3
   720 | D:1      | 720 ||| DROPPING +0 club.
   985 | D:1      | 985 ||| UPGRADING to +0 plate armour.
   995 | D:1      | 995 ||| DROPPING +0 scale mail.
   996 | D:1      | 996 ||| UPGRADING to +0 helmet.
  1001 | D:1      | 1001 ||| READING scroll labelled WIULAEP UJONE.
  1002 | D:1      | 1002 ||| DRINKING 2 metallic grey potions.
  1003 | D:1      | 1003 ||| DROPPING potion of invisibility.
  1026 | D:2      | Found a faded altar of an unknown god.
  1106 | D:2      | Found Gakhux Sec's Antique Weapon Shop.
  1139 | D:2      | 1139 ||| SHOPLISTING broad axe (128 gold, have 60).
  1703 | D:2      | Reached XP level 4. HP: 28/28 MP: 4/4
  1842 | D:2      | 1842 ||| READING scroll labelled LEUFYST QEAPT.
  1843 | D:2      | 1843 ||| READING scroll labelled FIMAIL PUA.
  1844 | D:2      | 1844 ||| READING scroll labelled PEPPOL URGHIYG.
  1845 | D:2      | 1845 ||| READING scroll labelled URUOPA KY RAEWY.
  1846 | D:2      | 1846 ||| DRINKING 2 purple potions.
  1847 | D:2      | 1847 ||| READING 2 scrolls of identify.
  1847 | D:2      | 1847 ||| IDENTIFYING brown potion
  1976 | D:3      | 1976 ||| Stepping ~*~*~tactically~*~*~ (stealth).
  2066 | D:3      | 2066 ||| Stepping ~*~*~tactically~*~*~ (stealth).
  2399 | D:3      | Found a faded altar of an unknown god.
  2544 | D:3      | Reached skill level 4 in Axes
  2579 | D:3      | Found a glowing silver altar of Zin.
  2718 | D:3      | 2718 ||| DROPPING ring of flight.
  2719 | D:3      | 2719 ||| READING scroll labelled TOAXEZX SUOJAB.
  2720 | D:3      | 2720 ||| READING scroll labelled BAVINA BASANN.
  2721 | D:3      | 2721 ||| DRINKING 2 fizzy purple potions.
  2722 | D:3      | 2722 ||| READING 2 scrolls of identify.
  2722 | D:3      | 2722 ||| IDENTIFYING sedimented dark potion
  2723 | D:3      | 2723 ||| DROPPING potion of ambrosia.
  2783 | D:4      | 2783 ||| STAIRDANCE
  2818 | D:4      | 2818 ||| Stepping ~*~*~tactically~*~*~ (hiding).
  2827 | D:4      | 2827 ||| Stepping ~*~*~tactically~*~*~ (stealth).
  2829 | D:4      | 2829 ||| Stepping ~*~*~tactically~*~*~ (stealth).
  2831 | D:4      | HP: 6/28 [gnoll/+0 club (2)]
  2832 | D:4      | 2832 ||| READING scroll of teleportation.
  3208 | D:4      | Reached XP level 5. HP: 31/32 MP: 5/5
  3233 | D:4      | Found a glowing golden altar of the Shining One.
  3239 | D:4      | 3239 ||| Stepping ~*~*~tactically~*~*~ (stealth).
  3243 | D:4      | 3243 ||| Stepping ~*~*~tactically~*~*~ (stealth).
  3288 | D:4      | 3288 ||| DROPPING +0 whip.
  3326 | D:4      | 3326 ||| Stepping ~*~*~tactically~*~*~ (stealth).
  3327 | D:4      | 3327 ||| Stepping ~*~*~tactically~*~*~ (stealth).
  3347 | D:4      | Found a staircase to the Ecumenical Temple.
  3349 | D:4      | 3349 ||| PLANNING TEMPLE
  3349 | D:4      | 3349 ||| DROPPING +6 ring of intelligence.
  3350 | D:4      | 3350 ||| READING scroll labelled FATHUO EDDE.
  3351 | D:4      | 3351 ||| READING 2 scrolls of identify.
  3351 | D:4      | 3351 ||| IDENTIFYING sedimented yellow potion
  3361 | Temple   | Entered the Ecumenical Temple
  3566 | Temple   | 3566 ||| PLANNING D:1-11
  3616 | D:4      | Reached skill level 5 in Axes
  3706 | D:4      | 3706 ||| Stepping ~*~*~tactically~*~*~ (stealth).
  3713 | D:4      | Reached XP level 6. HP: 39/39 MP: 6/6
  4192 | D:4      | 4192 ||| READING scroll labelled ECUSOR HAMEAMEYST.
  4251 | D:4      | 4251 ||| READING 2 scrolls of identify.
  4251 | D:4      | 4251 ||| IDENTIFYING murky silvery potion
  4336 | D:3      | Found a white marble altar of Elyvilon.
  4370 | D:5      | Entered Level 5 of the Dungeon
  4495 | D:5      | Reached skill level 6 in Axes
  4495 | D:5      | Reached XP level 7. HP: 43/44 MP: 7/7
  5224 | D:5      | HP: 10/44 [wight/+3 long sword (9)]
  5225 | D:5      | 5225 ||| READING scroll of teleportation.
  5582 | D:5      | Reached skill level 7 in Axes
  5752 | D:6      | 5752 ||| STAIRDANCE
  5758 | D:6      | 5758 ||| STAIRDANCE
  5763 | D:5      | Reached XP level 8. HP: 37/48 MP: 8/8
  5845 | D:6      | 5845 ||| STAIRDANCE
  5910 | D:6      | Reached skill level 1 in Dodging
  6127 | D:6      | 6127 ||| Stepping ~*~*~tactically~*~*~ (stealth).
  6145 | D:6      | Reached skill level 8 in Axes
  6207 | D:6      | Found a snail-covered altar of Cheibriados.
  6276 | D:6      | HP: 3/51 [wight/+0 halberd (11)]
  6278 | D:6      | Slain by a wight

Levels and vault maps discovered:
D:1:      dpeg_arrival_oval, layout_rooms
D:2:      wad_river_or_something, layout_basic, serial_shops, shop_statue,
          shapermc_ecumenical_altar_flowoftime
D:3:      layout_basic, marbit_many_paths, nicolae_overflow_ecumenical_swirl,
          minmay_box_of_dots
D:4:      wad_woods_stonehenge, layout_basic, minmay_temple_entry_junction,
          serial_corexii_hall, corexii_hall_statues_deadend,
          corexii_hall_statues_t, kennysheep_generic_room_4
D:5:      layout_gridville, corexii_leaking_fountain
D:6:      layout_rooms, lightli_temple_of_fire, okawaru_ov_weapons_minmay,
          kiku_gazebo_garden_becter, chei_slow_surprise, serial_shops, shop
Temple:   compressed_dpeg_triangle_lava_temple

Skill      XL: |  1  2  3  4  5  6  7  8 |
---------------+-------------------------+-----
Axes           | 2 3 4 5 6 7 8 |  8.1
Fighting       | 4 5 |  5.7
Armour         | 4 |  4.6
Dodging        | 1 |  1.1
Shields        | |  3.2

Action                   |  1- 3 |  4- 6 |  7- 9 || total
-------------------------+-------+-------+-------++-------
Melee: War axe           |    92 |   128 |   177 ||   397
  Use: Scroll            |     3 |    13 |     1 ||    17
       Potion            |     1 |     2 |       ||     3
Armor: Scale mail        |    17 |       |       ||    17
       Plate armour      |    23 |    87 |   161 ||   271
Dodge: Dodged            |    29 |    35 |    55 ||   119
Block: Buckler           |    19 |    18 |    32 ||    69

Table legend:
 A = Non-vault XP
 B = Vault XP
 C = Vault XP percentage of total XP
 D = Non-vault monster count
 E = Vault monster count
 F = Vault count percentage of total count
                 A         B        C        D         E       F
            +---------+---------+-------+---------+---------+-------
      Total |    1824 |     113 |   5.8 |      86 |      23 |  21.1
            +---------+---------+-------+---------+---------+-------
        D:1 |      40 |       0 |   0.0 |      24 |       0 |   0.0
        D:2 |      31 |      15 |  32.6 |      11 |       9 |  45.0
        D:3 |       8 |       9 |  52.9 |       5 |       6 |  54.5
        D:4 |     294 |      89 |  23.2 |      16 |       8 |  33.3
        D:5 |     858 |       0 |   0.0 |      24 |       0 |   0.0
        D:6 |     593 |       0 |   0.0 |       6 |       0 |   0.0
            +---------+---------+-------+---------+---------+-------
